Unix NetHack Version 5.0.0-0 post-release - last build May 31 2026 23:59:36 (970b52f25bf058293b47ddfd14a1e40e571c508c,branch:main).

Game began 2026-06-06 13:55:10, ended 2026-06-06 14:14:24.

Felix1, neutral male human Wizard

                                 .....
                            .......G..
                            ......h@G.
                            -.........

Felix1 the Conjurer       St:9 Dx:14 Co:16 In:18 Wi:12 Ch:8  Neutral
Dlvl:5  $:161 HP:0(43) Pw:46(68) AC:9  Xp:5 T:2101 

Latest messages:
 You feel somewhat dizzy.
 You feel less confused now.
 The hill orc throws a crude dagger!
 You are hit by a crude dagger.
 In what direction? 4
 The spell hits the hill orc!
 You kill the hill orc!
 There are several objects here.
 There is a hill orc corpse here; eat it? [ynq] (n) y
 This hill orc corpse tastes okay.
 You finish eating the hill orc corpse.
 C - a white gem.
 You see here a crude dagger.
 D - a crude dagger.
 You descend the stairs.
 The gnome lord picks up a dart.
 In what direction? 1
 The spell hits the gnome lord!
 The gnome lord hits!
 In what direction? 1
 The spell misses the gnome lord.
 The gnome lord hits!
 The gnome hits!
 You miss the dwarf.
 You hear crashing rock.
 You kill the dwarf!
 The gnome picks up a pair of hard shoes.
 You kill the gnome!
 The gnome hits!
 There are several objects here.
 The gnome lord hits!
 The gnome just misses!
 The gnome lord hits!
 There are several objects here.
 The gnome hits!
 You miss the gnome lord.
 The gnome hits!
 You hit the gnome lord.
 You miss the gnome lord.
 The gnome lord hits!
 You kill the gnome lord!
 The gnome hits!
 The gnome hits!
 There are several objects here.
 The gnome picks up a dart.
 You hit the gnome.
 The gnome hits!
 You die...
 Do you want your possessions identified? [ynq] (y) y
 Do you want to see your attributes? [ynq] (y) q

Inventory:
 Coins    ('$')
  $ - 161 gold pieces
 Weapons  (')')
  B - a cursed -5 crossbow bolt
  v - a +0 sling
  o - 11 +0 shuriken
  D - a blessed +0 orcish dagger
  a - a blessed +1 quarterstaff (weapon in hands)
 Armor    ('[')
  b - an uncursed +0 cloak of magic resistance (being worn)
 Comestibles  ('%')
  r - 3 uncursed food rations
  u - 2 cursed food rations
 Scrolls  ('?')
  A - a blessed scroll of amnesia
  p - an uncursed scroll of blank paper
  x - an uncursed scroll of charging
  i - an uncursed scroll of create monster
  j - an uncursed scroll of destroy armor
  k - 2 uncursed scrolls of identify
  s - an uncursed scroll of light
  q - 2 uncursed scrolls of remove curse
 Spellbooks  ('+')
  m - an uncursed spellbook of create monster
  y - an uncursed spellbook of cure blindness
  l - a blessed spellbook of force bolt
 Potions  ('!')
  f - 2 uncursed potions of confusion
  g - a blessed potion of gain ability
  h - an uncursed potion of restore ability
  z - a potion of unholy water
 Rings    ('=')
  e - an uncursed +2 ring of increase damage
  d - an uncursed ring of invisibility
 Wands    ('/')
  c - a wand of fire (0:7)
 Tools    ('(')
  n - a magic marker (0:21)
  t - an uncursed skeleton key
 Gems/Stones  ('*')
  C - an uncursed opal

Felix1 the Wizard's attributes:

Background:
 You were a Conjurer, a level 5 male human Wizard.
 You were neutral, on a mission for Thoth
 who was opposed by Ptah (lawful) and Anhur (chaotic).
 You were right-handed.
 You were in the Gnomish Mines, on level 5.
 You entered the dungeon 2101 turns ago.
 You had 206 experience points, 114 more were needed to attain level 6.

Basics:
 You had 0 out of 43 hit points.
 You had 46 out of 68 energy points (spell power).
 Your armor class was 9.
 Your wallet contained 161 zorkmids.
 Autopickup was off.

Final Characteristics:
 Your strength was 9 (limit:18/100).
 Your dexterity was 14 (limit:18).
 Your constitution was 16 (limit:18).
 Your intelligence was 18 (limit:18).
 Your wisdom was 12 (limit:18).
 Your charisma was 8 (limit:18).

Final Status:
 You weren't hungry.
 You were unencumbered.
 You were wielding a quarterstaff.
 You had basic skill with quarterstaff.

Final Attributes:
 You were piously aligned.
 You were magic-protected.
 You aggravated monsters.
 You were warded.
 You are dead.

Miscellaneous:
 You didn't encounter any bones levels.
 Total elapsed playing time was 18 minutes and 45 seconds.

Major events:
 Turn
    1: Felix1 the neutral male human Wizard entered the dungeon
  850: attained the rank of Conjurer (level 3)
 1718: entered the Gnomish Mines
 2101: killed by a gnome

Spells:
 Name                 Level Category     Fail Retention
 force bolt             1   attack         0%   81%-90%
 create monster         2   clerical      43%  76%-100%

Skills:
 Fighting Skills
   bare handed combat [Unskilled]
   riding             [Unskilled]
 Weapon Skills
   dagger             [Unskilled]
   knife              [Unskilled]
   axe                [Unskilled]
   short sword        [Unskilled]
   club               [Unskilled]
   mace               [Unskilled]
   quarterstaff       [Basic]
   polearms           [Unskilled]
   spear              [Unskilled]
   trident            [Unskilled]
   sling              [Unskilled]
   dart               [Unskilled]
   shuriken           [Unskilled]
 Spellcasting Skills
   attack spells      [Basic]
   healing spells     [Unskilled]
   divination spells  [Unskilled]
   enchantment spells [Basic]
   clerical spells    [Unskilled]
   escape spells      [Unskilled]
   matter spells      [Unskilled]

Voluntary challenges:
 Character rerolling was not enabled.
 You were illiterate.
 You never genocided any monsters.
 You never polymorphed an object.
 You never changed form.
 You used no wishes.
Achievements:
 You attained the rank of Conjurer.
 You entered a shop.
 You entered the Gnomish Mines.

 The Dungeons of Doom: levels 1 to 4
    Level 1:
       An altar to Thoth, a fountain, some sinks.
    Level 2:
       An altar.
    Level 3:
       An altar, some fountains.
    Level 4:
       A general store.
       Stairs down to The Gnomish Mines.
 The Gnomish Mines:
    Level 5: <- You were here.
       Final resting place for
          you, killed by a gnome.


Vanquished creatures:
  a rock mole
  a gnome leader
  a little dog
  a dwarf
  2 hill orcs
  a centipede
  2 iguanas
  2 coyotes
  3 gas spores
  a large kobold
  a brown mold
  a red mold
  5 gnomes
  4 jackals
  a kobold
  a goblin
  2 sewer rats
  6 grid bugs
  5 lichens
  a kobold zombie
  3 newts
45 creatures vanquished.

No species were genocided or became extinct.

Game over:
                       ----------
                      /          \
                     /    REST    \
                    /      IN      \
                   /     PEACE      \
                  /                  \
                  |      Felix1      |
                  |      161 Au      |
                  |   killed by a    |
                  |      gnome       |
                  |                  |
                  |                  |
                  |       2026       |
                 *|     *  *  *      | *
        _________)/\\_//(\/(/\)/\//\/|_)_______

Goodbye Felix1 the Wizard...

You died in The Gnomish Mines on dungeon level 5 with 1169 points,
and 161 pieces of gold, after 2101 moves.
You were level 5 with a maximum of 43 hit points when you died.

